 Dungeon Crawl Stone Soup version 0.27.1-3-gb3d3a73c9e (webtiles) character file.

Game seed: 187468444402660440

10508 Atelerd the Geomancer (level 11, -5/64 HPs)
             Began as an Octopode Earth Elementalist on Oct 30, 2021.
             Was a Believer of Sif Muna.
             Slain by a cane toad (18 damage)
             ... on level 1 of the Lair of Beasts.
             The game lasted 00:26:27 (12511 turns).

Atelerd the Geomancer (OpEE)                       Turns: 12511, Time: 00:26:28

Health: -5/64      AC:  1    Str:  7    XL:     11   Next: 63%
Magic:  20/23      EV: 14    Int: 21    God:    Sif Muna [**....]
Gold:   697        SH:  0    Dex: 19    Spells: 19/27 levels left

rFire    . . .     SeeInvis .   F - +1 dagger
rCold    . . .     Faith    .   (no shield)
rNeg     . . .     Spirit   .   (helmet restricted)
rPois    +         Reflect  .   t - amulet of regeneration
rElec    .         Harm     .   w - ring of poison resistance
rCorr    .         Rampage  .   z - ring of wizardry
Will     .....                  K - +6 ring of dexterity
Stlth    +++++.....             (no ring)
HPRegen  1.20/turn              (no ring)
MPRegen  0.18/turn              (no ring)
                                (no ring)
                                (no ring)

@: no status effects
A: almost no armour, amphibious, 8 rings, camouflage 1, gelatinous body 1,
(nimble swimmer 1), tentacles
a: Renounce Religion, Channel Magic


You were on level 1 of the Lair of Beasts.
You worshipped Sif Muna.
Sif Muna was pleased with you.
You visited 3 branches of the dungeon, and saw 13 of its levels.

You collected 781 gold pieces.
You spent 84 gold pieces at shops.

Inventory:

Hand Weapons
 a - a +0 short sword
 e - a +1 short sword of holy wrath
 B - a +0 dagger
 F - a +1 dagger (weapon)
Missiles
 b - 94 stones
Jewellery
 t - an amulet of regeneration (around mantle)
 w - a ring of poison resistance (left tentacle)
 z - a ring of wizardry (right tentacle)
 K - a +6 ring of dexterity (on tentacle)
 N - a +6 ring of dexterity
Wands
 r - a wand of iceblast (15)
 u - a wand of flame (24)
 x - a wand of mindburst (30)
 A - a wand of acid (17)
 D - a wand of charming (1)
 G - a wand of paralysis (41)
Scrolls
 k - a scroll of acquirement {unknown}
 l - a scroll of blinking {unknown}
 m - a scroll of fear
 n - a scroll of teleportation
 o - a scroll of magic mapping
 s - 3 scrolls of enchant armour
 y - 2 scrolls of vulnerability {unknown}
 C - 2 scrolls of noise
 I - a scroll of amnesia {unknown}
 J - a scroll of holy word {unknown}
 L - a scroll of torment {unknown}
Potions
 c - 2 potions of invisibility {unknown}
 d - 3 potions of attraction {unknown}
 f - 4 potions of heal wounds {unknown}
 g - 4 potions of lignification
 h - a potion of berserk rage {unknown}
 i - a potion of ambrosia {unknown}
 j - a potion of mutation {unknown}
 p - a potion of might {unknown}
 q - 2 potions of curing
 v - a potion of magic {unknown}
 E - 2 potions of haste {unknown}
 H - a potion of flight {unknown}
 M - a potion of degeneration {unknown}


   Skills:
 - Level 2.0 Fighting
 + Level 3.4 Short Blades
 + Level 3.3 Dodging
 + Level 7.2 Stealth
 - Level 8.5 Spellcasting
 - Level 2.0 Conjurations
 - Level 9.0 Transmutations
 - Level 2.0 Air Magic
 + Level 9.8 Earth Magic
 - Level 2.0 Poison Magic
 * Level 4.3 Invocations


You had 19 spell levels left.
You knew the following spells:

 Your Spells              Type           Power      Damage    Failure   Level
a - Sandblast             Erth           100%       2d20      1%          1
b - Mephitic Cloud        Conj/Pois/Air  17%        N/A       4%          3
p - Petrify               Tmut/Erth      48%        N/A       1%          4

Your spell library contained the following spells:

 Spells                   Type           Power      Damage    Failure   Level
 Beastly Appendage        Tmut           92%        N/A       1%          1
 Magic Dart               Conj           68%        1d6       1%          1
 Passwall                 Tmut/Erth      40%        N/A       1%          2
 Wereblood                Tmut           46%        N/A       1%          2
 Spider Form              Tmut/Pois      16%        N/A       1%          3
 Stone Arrow              Conj/Erth      66%        3d11      1%          3
 Call Imp                 Summ           9%         N/A       4%          2
 Slow                     Hex            9%         N/A       4%          2
 Confusing Touch          Hex            9%         N/A       9%          3
 Vampiric Draining        Necr           4%         2d6       9%          3
 Yara's Violent Unravell  Hex/Tmut       13%        3d7       13%         5
 Iskenderun's Battlesphe  Conj           17%        2d7       34%         5
 Iron Shot                Conj/Erth      16%        9d4       36%         6
 Spellforged Servitor     Conj/Summ      6%         N/A       100%        7


Dungeon Overview and Level Annotations

Branches:
Dungeon (11/15)            Temple (1/1) D:6            Lair (1/6) D:11
    Orc (0/2) D:11

Altars:
Ashenzari
Dithmenos
Hepliaklqana
Kikubaaqudgha
Makhleb
Sif Muna
Trog
Vehumet
Wu Jian
Yredelemnul
The Shining One

Shops:
D:4 !

Annotations:
D:3 2 transporters, doomsgape's ghost, amateur TrFi
D:4 exclusion: 2 downstairs
D:7 exclusion: 2 downstairs


Innate Abilities, Weirdness & Mutations

You cannot wear most types of armour.
You are amphibious.
You can wear up to eight rings at the same time.
Your skin changes colour to match your surroundings (Stealth+).
Your rubbery body absorbs attacks. (AC +1, EV +1)
((You are camouflaged near water. (Stealth+)))
You have tentacles for arms and can constrict up to eight enemies at once.


Message History

Found 8 gold pieces.
A cane toad is nearby!
A cane toad is nearby!
A cane toad is nearby!
The cane toad gives a loud, deep croak!
The cane toad barely misses you.
You see here a scroll labelled XITHRO RISEU.
You hit the cane toad but do no damage. You grab the cane toad.
You constrict the cane toad, but do no damage.
The cane toad barely misses you.
You hit the cane toad but do no damage.
You constrict the cane toad, but do no damage.
The cane toad stings you!!
The blast of sand hits the cane toad!
The cane toad is heavily wounded.
You constrict the cane toad. The cane toad stings you!
You are too injured to fight recklessly!
You are too injured to fight recklessly!
You are too injured to fight recklessly!
Casting: Sandblast (safe; 1% risk of failure)
Confirm with . or Enter, or press ? or * to list all spells.
Aiming: Sandblast (safe; 1% risk of failure)
Press: ? - help, Shift-Dir - straight line, f/p - cane toad
Aim: a cane toad (heavily wounded, constricted by you, 100% to hit)
The blast of sand hits the cane toad!
The cane toad is almost dead.
You constrict the cane toad. The cane toad closely misses you.
The cane toad stings you!
* * * LOW HITPOINT WARNING * * *
Unknown command.
Casting: Sandblast (safe; 1% risk of failure)
Confirm with . or Enter, or press ? or * to list all spells.
Aiming: Sandblast (safe; 1% risk of failure)
Press: ? - help, Shift-Dir - straight line, f/p - cane toad
Aim: a cane toad (almost dead, constricted by you, 100% to hit)
The blast of sand hits the cane toad.
The cane toad is almost dead.
You constrict the cane toad, but do no damage.
The cane toad stings you!!
You die...

..#P ....
..P# .. . ##
#######+P##
#...F.....#
##..@.....$+
#P.........#
##.........#
#.........#
###.####.##
.....
###.....#
.....
#....####
#...# #..###
######P..
####.#######
#P.......


You could see a cane toad.

Vanquished Creatures
  A hydra (D:7)
  3 two-headed ogres
  Pikel (D:9)
  Maurice (D:9)
  A black mamba (Lair:1)
  A cane toad (Lair:1)
  Psyche (D:9)
  Maggie (D:7)
  An unseen horror (D:10)
  A komodo dragon (D:8)
  2 trolls
  5 wyverns
  A wraith (D:9)
  A vampire mosquito (D:11)
  Edmund (D:6)
  2 orc warriors
  2 water moccasins
  A sky beast (D:8)
  An ice beast (D:6)
  2 necrophages (D:3)
  2 ogres
  A wolf (Lair:1)
  4 centaurs
  A phantom (D:6)
  A lemure (D:9)
  A kobold brigand (D:9)
  4 bullfrogs
  2 scorpions
  Blork the orc (D:5)
  A wyvern skeleton (D:6)
  6 killer bees (D:9)
  A howler monkey (D:11)
  11 wights
  5 hounds
  A bullfrog skeleton (D:4)
  A centaur skeleton (D:4)
  4 orc priests
  2 jellies
  A gnoll shaman (D:8)
  5 iguanas
  3 hell rats (Lair:1)
  9 orc wizards
  3 killer bee zombies
  4 adders
  13 gnolls
  A river rat (Lair:1)
  A shadow imp (D:8)
  A white imp (D:8)
  An ufetubus (D:5)
  An adder skeleton (D:5)
  4 dart slugs
  17 orcs
  8 endoplasms
  7 giant cockroaches
  4 goblins
  2 hobgoblins
  6 jackals (D:1)
  7 kobolds
  3 quokkas
  4 ball pythons
  5 bats
  2 frilled lizards
  13 rats
204 creatures vanquished.

Vanquished Creatures (collateral kills)
  2 wolves (Lair:1)
  A rat (Lair:1)
3 creatures vanquished.

Vanquished Creatures (others)
  A komodo dragon (Lair:1)
  3 wolves (Lair:1)
  A hell rat (Lair:1)
  21 plants
26 creatures vanquished.

Grand Total: 233 creatures vanquished

Notes
Turn   | Place    | Note
-------+----------+-------------------------------------------
     0 | D:1      | Atelerd the Octopode Earth Elementalist began the quest for
                  | the Orb.
     0 | D:1      | Reached XP level 1. HP: 11/11 MP: 3/3
   295 | D:1      | Found a faded altar of an unknown god.
   356 | D:1      | Reached XP level 2. HP: 8/17 MP: 1/5
  1100 | D:1      | Reached XP level 3. HP: 19/21 MP: 6/6
  2141 | D:2      | Reached XP level 4. HP: 27/27 MP: 8/8
  2213 | D:2      | Reached XP level 5. HP: 30/31 MP: 0/9
  2875 | D:3      | Found a transporter.
  2875 | D:3      | Found a transporter.
  2883 | D:3      | Noticed a necrophage
  2901 | D:3      | Found an ancient bone altar of Kikubaaqudgha.
  2927 | D:3      | Killed a necrophage
  2931 | D:3      | Reached XP level 6. HP: 20/36 MP: 3/11
  3105 | D:3      | Found a transporter.
  3307 | D:3      | Found a transporter.
  3307 | D:3      | Noticed doomsgape's ghost (amateur TrFi)
  3732 | D:4      | Noticed a necrophage
  3736 | D:4      | Reached skill level 5 in Earth Magic
  3736 | D:4      | Reached XP level 7. HP: 41/41 MP: 8/13
  4472 | D:4      | Found Suicro's Distillery.
  4481 | D:4      | Bought a potion of curing for 42 gold pieces
  4481 | D:4      | Bought a potion of lignification for 42 gold pieces
  5044 | D:5      | Entered Level 5 of the Dungeon
  5236 | D:5      | Noticed Blork the orc
  5244 | D:5      | Learned a level 4 spell: Petrify
  5485 | D:5      | Killed Blork the orc
  5486 | D:5      | Reached XP level 8. HP: 36/46 MP: 8/15
  5524 | D:5      | Reached skill level 5 in Spellcasting
  5768 | D:5      | Reached skill level 5 in Transmutations
  6045 | D:6      | Reached skill level 1 in Short Blades
  6237 | D:6      | Found a staircase to the Ecumenical Temple.
  6246 | Temple   | Entered the Ecumenical Temple
  6287 | Temple   | Became a worshipper of Sif Muna the Loreminder
  6299 | D:6      | Noticed a troll
  6596 | D:6      | Reached skill level 5 in Stealth
  6685 | D:6      | Found a basalt altar of Yredelemnul.
  6890 | D:6      | Killed a troll
  6988 | D:6      | Found an ornate altar of the Wu Jian Council.
  7008 | D:6      | Reached XP level 9. HP: 51/51 MP: 17/17
  7022 | D:6      | Noticed Edmund
  7037 | D:6      | Killed Edmund
  7422 | D:7      | Noticed Maggie
  7441 | D:7      | Killed Maggie
  7601 | D:7      | Noticed a four-headed hydra
  7635 | D:7      | Killed a four-headed hydra
  8375 | D:7      | Reached XP level 10. HP: 56/56 MP: 14/20
  8922 | D:8      | Reached * piety under Sif Muna
  9990 | D:9      | Noticed Maurice
 10000 | D:9      | Killed Maurice
 10206 | D:9      | Noticed Pikel
 10230 | D:9      | Killed Pikel
 10304 | D:9      | Noticed Psyche
 10333 | D:9      | Killed Psyche
 10710 | D:9      | Reached ** piety under Sif Muna
 10904 | D:10     | Entered Level 10 of the Dungeon
 10999 | D:10     | Reached skill level 1 in Invocations
 11069 | D:10     | Learned a level 3 spell: Mephitic Cloud
 11091 | D:10     | Killed an unseen horror
 11092 | D:10     | Reached XP level 11. HP: 45/62 MP: 19/23
 11151 | D:10     | Found a broken altar of Ashenzari.
 11155 | D:10     | Reached skill level 1 in Fighting
 11483 | D:10     | Reached skill level 1 in Poison Magic
 11541 | D:10     | Noticed a two-headed ogre
 11550 | D:10     | Killed a two-headed ogre
 11551 | D:10     | Reached skill level 1 in Conjurations
 11551 | D:10     | Reached skill level 1 in Air Magic
 11767 | D:11     | Found a staircase to the Lair.
 11924 | D:11     | Found a staircase to the Orcish Mines.
 11973 | D:11     | Noticed a two-headed ogre
 11984 | D:11     | Killed a two-headed ogre
 12007 | D:11     | Noticed a two-headed ogre
 12017 | D:11     | Killed a two-headed ogre
 12024 | Lair:1   | Entered Level 1 of the Lair of Beasts
 12511 | Lair:1   | Slain by a cane toad

Illustrated notes

Levels and vault maps discovered:
D:1:      giann_horns, layout_basic, hellmonk_ecumenical_altar_arch_garden,
          serial_bayou, serial_bayou_lagoon_a, serial_bayou_crossing,
          serial_bayou_pond_d, serial_bayou_ford_a, minmay_misc_feat_alley,
          minmay_close_crescents
D:2:      layout_rooms
D:3:      layout_loops_ring, gammafunk_temple_overflow_arena,
          gammafunk_ghost_gnarly_gnolls, minivault_24
D:4:      layout_rooms, nicolae_stop_n_shop_2
D:5:      layout_basic, chequers_serial_rivers_micro_a, kennysheep_crisscross,
          minmay_misc_feat_doors, hangedman_decor_push, uniq_blork_the_orc
D:6:      layout_basic, kennysheep_mini, nicolae_overflow_hidden_temple,
          minmay_temple_entry_ruins, uniq_edmund
D:7:      layout_cave_pools, uniq_maggie
D:8:      layout_cave_pods, serial_column_ruins, column_ruins_corridor_T,
          column_ruins_open_tiny, column_ruins_grid_4, column_ruins_open_small,
          column_ruins_columns_straight, corexii_corridor_pit
D:9:      layout_basic, uniq_maurice, uniq_pikel, uniq_psyche
D:10:     layout_loops_ring, cheibrodos_ashenzari_chains
D:11:     layout_grid_maze, lair_entry_dummy
Temple:   compressed_dpeg_circular_temple
Lair:1:   layout_roguey, kennysheep_abandoned_house, lemuel_fruit_tree

Skill      XL: |  1  2  3  4  5  6  7  8  9 10 11 |
---------------+----------------------------------+-----
Transmutations | 2 3 4 6 7 9 |  9.0
Spellcasting   | 3 4 5 7 8 |  8.5
Earth Magic    | 4 5 6 8 9 |  9.8
Stealth        | 3 5 6 7 |  7.2
Short Blades   | 2 3 |  3.4
Invocations    | 1 4 |  4.3
Fighting       | 2 |  2.0
Poison Magic   | 2 |  2.0
Conjurations   | 2 |  2.0
Air Magic      | 2 |  2.0
Dodging        | 3 |  3.3

Action                   |  1- 3 |  4- 6 |  7- 9 | 10-12 || total
-------------------------+-------+-------+-------+-------++-------
Melee: Unarmed           |    10 |       |       |       ||    10
       Short sword       |    57 |    27 |   118 |       ||   202
       Constrict         |    16 |    11 |    30 |    30 ||    87
       Tentacles         |     8 |     4 |    29 |    29 ||    70
       Dagger            |       |       |    34 |   130 ||   164
 Cast: Sandblast         |    24 |    40 |    56 |    77 ||   197
       Petrify           |       |       |    41 |    54 ||    95
Evoke: Wand              |       |       |       |     8 ||     8
  Use: Scroll            |       |       |     2 |     5 ||     7
       Potion            |       |       |       |     1 ||     1
 Stab: Sleeping          |     4 |     3 |     7 |     8 ||    22
       Petrified         |       |       |   102 |    71 ||   173
       Distracted        |       |       |     1 |       ||     1
       Petrifying        |       |       |     1 |     4 ||     5
Armor: Skin              |     9 |     4 |     4 |    10 ||    27
Dodge: Dodged            |    46 |    32 |    63 |    69 ||   210
